 Dungeon Crawl Stone Soup version 0.29.1-15-g9cfb28693d (webtiles) character file.

Game seed: 4354229332328778654

22745 LLlMATKO the Fighter (level 12, -4/113 HPs)
             Began as a Minotaur Berserker on Apr 23, 2023.
             Was a Priest of Trog.
             Slain by a minotaur
             ... wielding a +6 rapier of speed
              (16 damage)
             ... in a Gauntlet.
             The game lasted 00:24:13 (19394 turns).

LLlMATKO the Fighter (Minotaur Berserker)          Turns: 19394, Time: 00:24:14

Health: -4/113     AC: 19    Str: 25    XL:     12   Next: 65%
Magic:  11/11      EV: 16    Int:  4    God:    Trog [***...]
Gold:   396        SH: 15    Dex: 12    Spells: 11/11 levels left

rFire   + + .      SeeInvis .   w - +1 war axe (venom)
rCold   . . .      Faith    .   Y - +2 tower shield
rNeg    . . .      Spirit   .   W - +2 swamp dragon scales
rPois   +          Reflect  .   (helmet restricted)
rElec   .          Harm     .   E - scarf {repulsion}
rCorr   .          Rampage  .   D - +1 pair of gloves
Will    .....      NoTele   +   b - +2 pair of boots "Diwno" {rF+ Stlth+}
Stlth   ++........              (no amulet)
HPRegen 0.28/turn               h - ring of protection from fire
MPRegen 0.12/turn               O - +4 ring of evasion

@: on berserk cooldown, slowed, repel missiles, very slow
A: horns 2, retaliatory headbutt
a: Renounce Religion, Berserk, Trog's Hand


You were in a Gauntlet.
You worshipped Trog.
Trog was most pleased with you.
You visited 1 branch of the dungeon, and saw 12 of its levels.
You also visited: Bailey and Gauntlet.

You collected 610 gold pieces.
You spent 214 gold pieces at shops.

Inventory:

Hand Weapons
 q - a +1 sling of flaming
 w - a +1 war axe of venom (weapon)
 B - a +1 whip of electrocution
 C - a +2 hand axe of flaming
Missiles
 c - 70 stones
 v - 41 poisoned darts (quivered)
 I - 6 boomerangs
 R - 2 atropa-tipped darts
 S - 3 silver javelins
Armour
 b - the +2 pair of boots "Diwno" (worn) {rF+ Stlth+}
   (You acquired it in a Gauntlet)

   rF:        It protects you from fire.
   Stlth:     It makes you more stealthy.
 p - a scarf of resistance
 D - a +1 pair of gloves (worn)
 E - a scarf of repulsion (worn)
 M - a +0 plate armour
 W - +2 swamp dragon scales (worn)
 Y - a +2 tower shield (worn)
Jewellery
 e - an amulet of magic regeneration
 h - a ring of protection from fire (left hand)
 A - a ring of protection from cold
 O - a +4 ring of evasion (right hand)
Wands
 u - a wand of acid (6)
 y - a wand of paralysis (16)
 K - a wand of polymorph (10)
 N - a wand of roots (5)
 P - a wand of flame (80)
 Z - a wand of mindburst (3)
Scrolls
 f - 3 scrolls of enchant armour
 g - 3 scrolls of teleportation
 i - 3 scrolls of magic mapping
 j - a scroll of vulnerability
 m - 2 scrolls of identify
 n - 2 scrolls of amnesia
 r - 2 scrolls of noise
 s - a scroll of silence
 t - 3 scrolls of fear
 G - 2 scrolls of poison
 J - a scroll of immolation
 V - a scroll of fog
Potions
 a - a potion of degeneration {unknown}
 d - 2 potions of resistance
 k - 10 potions of curing
 l - 5 potions of might
 o - 2 potions of flight
 z - 3 potions of heal wounds
 X - a potion of invisibility


   Skills:
 + Level 12.6 Fighting
 + Level 12.6 Axes
 + Level 6.4 Ranged Weapons
 + Level 12.4 Armour
 + Level 11.4 Dodging
 + Level 4.7 Shields


You had 11 spell levels left.
You didn't know any spells.
Your spell library was empty.

Dungeon Overview and Level Annotations

Branches:
Dungeon (12/15)            Temple (0/1) D:5            Lair (0/5) D:9
    Orc (0/2) D:9          Bailey (visited)         Gauntlet (1/1)

Altars:
Cheibriados
Dithmenos
Fedhas
Gozag
Nemelex Xobeh
Okawaru
Ru
Sif Muna
Uskayaw
Vehumet
Wu Jian
Xom
Yredelemnul
Zin

Shops:
D:2 (   D:5 !   D:10 (=[[[

Annotations:
Gauntlet 6 transporters, exclusion: oklob plant


Innate Abilities, Weirdness & Mutations

You have a pair of horns on your head.
You reflexively headbutt those who attack you in melee.


Message History

The minotaur is severely wounded.
The minotaur hits you with a +6 rapier of speed!!
You block the minotaur's attack.
You hit the minotaur but do no damage.
The minotaur looks as sick as possible!
You headbutt the minotaur.
The minotaur is severely wounded.
The minotaur hits you but does no damage.
The minotaur gores you but does no damage.
You block the minotaur's attack.
The minotaur gores you but does no damage.
You completely miss the minotaur.
The minotaur is severely wounded.
You block the minotaur's attack. The minotaur gores you!
Unknown command.
You barely miss the minotaur.
You headbutt the minotaur, but do no damage.
The minotaur is severely wounded.
The minotaur completely misses you. The minotaur gores you.
Unknown command.
You slash the minotaur!
The minotaur is almost dead.
The minotaur hits you with a +6 rapier of speed!
* * * LOW HITPOINT WARNING * * *
You block the minotaur's attack.
Unknown command.
You hit the minotaur but do no damage.
The minotaur looks as sick as possible!
The minotaur is almost dead.
You block the minotaur's attack. The minotaur barely misses you.
The minotaur hits you with a +6 rapier of speed!!
* * * LOW HITPOINT WARNING * * *
You block the minotaur's attack.
Unknown command.
You slash the minotaur!
The minotaur looks as sick as possible!
You headbutt the minotaur, but do no damage.
The minotaur is almost dead.
You are no longer berserk.
You are exhausted.
You feel yourself slow down.
The minotaur hits you with a +6 rapier of speed!
You die...

#8∩8# #[.|# #8.8# #?.(# ##
#8.8#.8### #...#....# #
#8H8#..#.# #.#..##@##..#.#
#.............# #.#.##.#.##.#.#
#....#....#.# .#.#######.#.###
..............≈# ##
.8.8..©.©..8.8.8# ### 8#
...............§# #8#
###############################


You could see a minotaur (extremely poisoned).

Vanquished Creatures
  A great orb of eyes (Gauntlet)
  A yaktaur captain (D:10)
  A centaur warrior (D:10)
  4 two-headed ogres
  Pikel (D:6)
  An ugly thing (Gauntlet)
  A cyclops (D:9)
  Joseph (D:8)
  2 ice statues
  Maurice (D:10)
  A gargoyle (D:11)
  3 komodo dragons (D:10)
  A yaktaur (shapeshifter) (D:10)
  2 rime drakes (Gauntlet)
  A kobold demonologist (D:10)
  A freezing wraith (D:10)
  2 trolls (D:10)
  2 hornets
  Prince Ribbit (D:8)
  A shadow (D:11)
  A wraith (D:10)
  8 spriggans (Bailey)
  A vampire (D:10)
  A wyvern (D:4)
  Eustachio (D:4)
  18 yaks
  3 steam dragons
  A vampire mosquito (D:10)
  2 swamp worms (Gauntlet)
  2 two-headed ogre zombies (D:9)
  Duvessa (D:6)
  3 acid dragons
  2 water moccasins
  7 orc warriors
  An ice beast (D:7)
  A sky beast (D:8)
  A black bear (D:7)
  5 ogres
  8 centaurs
  The ghost of jombi the Insei, an amateur OpMo (D:3)
  2 phantoms (D:9)
  5 kobold brigands
  Blork the orc (D:6)
  A gnoll sergeant (D:10)
  2 bullfrogs (D:7)
  A necrophage (D:6)
  4 scorpions
  17 wights
  Dowan (D:6)
  20 killer bees
  12 howler monkeys
  3 crimson imps (D:5)
  2 jellies (D:6)
  A hound (D:4)
  8 orc priests
  A gnoll bouda (D:9)
  Jessica (D:2)
  4 iguanas (D:5)
  13 orc wizards
  Terence (D:3)
  6 ogre zombies (D:9)
  9 adders
  4 gnolls (D:9)
  A white imp (D:6)
  5 worms
  4 dart slugs
  39 orcs
  5 ball pythons
  5 endoplasms
  4 giant cockroaches
  10 hobgoblins
  7 quokkas
  5 bats
  2 frilled lizards
  12 goblins
  A goblin skeleton (D:9)
  3 goblin zombies (D:9)
  2 hobgoblin skeletons (D:9)
  3 hobgoblin zombies (D:9)
  19 kobolds
  3 orc skeletons (D:9)
  13 orc zombies (D:9)
  8 rats
367 creatures vanquished.

Vanquished Creatures (others)
  A centaur (D:10)
  6 fungi (D:9)
  45 plants
52 creatures vanquished.

Grand Total: 419 creatures vanquished

Notes
Turn   | Place    | Note
-------+----------+-------------------------------------------
     0 | D:1      | LLlMATKO the Minotaur Berserker began the quest for the
                  | Orb.
     0 | D:1      | Reached XP level 1. HP: 19/19 MP: 0/0
   322 | D:1      | Reached XP level 2. HP: 27/27 MP: 1/1
   549 | D:1      | Reached ** piety under Trog
  1104 | D:2      | Found Ylauri's Antique Weapon Emporium.
  1144 | D:2      | Reached XP level 3. HP: 14/33 MP: 2/2
  1477 | D:2      | Reached XP level 4. HP: 35/40 MP: 3/3
  1805 | D:2      | Noticed Jessica
  1814 | D:2      | Killed Jessica
  2266 | D:3      | Found a faded altar of an unknown god.
  2544 | D:3      | Reached XP level 5. HP: 47/47 MP: 4/4
  2552 | D:3      | Found a runed translucent door.
  2554 | D:3      | Noticed jombi's ghost (amateur OpMo)
  2672 | D:3      | Noticed Terence
  2677 | D:3      | Killed Terence
  2741 | D:3      | Found a runed translucent door.
  3372 | D:3      | Killed jombi's ghost
  3373 | D:3      | Reached skill level 5 in Fighting
  3373 | D:3      | Reached skill level 5 in Axes
  3583 | D:4      | Reached XP level 6. HP: 54/56 MP: 5/5
  3592 | D:4      | Noticed Eustachio
  3612 | D:4      | Killed Eustachio
  3799 | D:4      | Found a snail-covered altar of Cheibriados.
  3809 | D:4      | Noticed a wyvern
  3817 | D:4      | Killed a wyvern
  3818 | D:4      | Reached skill level 5 in Armour
  3818 | D:4      | Reached XP level 7. HP: 62/62 MP: 6/6
  4420 | D:5      | Entered Level 5 of the Dungeon
  4452 | D:5      | Found Koduew's Distillery.
  4547 | D:5      | Found a sacrificial altar of Ru.
  4550 | D:5      | Found an opulent altar of Gozag.
  4572 | D:5      | Reached skill level 5 in Dodging
  4575 | D:5      | Reached *** piety under Trog
  4606 | D:5      | Found a shimmering altar of Xom.
  4657 | D:5      | Found a staircase to the Ecumenical Temple.
  4904 | D:5      | Found an iron altar of Okawaru.
  5150 | D:6      | Reached XP level 8. HP: 67/71 MP: 7/7
  5283 | D:6      | Found a shimmering blue altar of Sif Muna.
  5406 | D:6      | Reached **** piety under Trog
  5408 | D:6      | Noticed Blork the orc
  5417 | D:6      | Killed Blork the orc
  5473 | D:6      | Found a blossoming altar of Fedhas.
  5812 | D:6      | Noticed Dowan
  5816 | D:6      | Noticed Duvessa
  5822 | D:6      | Killed Dowan
  5836 | D:6      | Killed Duvessa
  5837 | D:6      | Reached XP level 9. HP: 14/81 MP: 8/8
  6151 | D:6      | Noticed Pikel
  6160 | D:6      | Killed Pikel
  7652 | D:7      | Found a radiant altar of Vehumet.
  7652 | D:7      | Found a glowing silver altar of Zin.
  7738 | D:7      | Found a sparkling altar of Nemelex Xobeh.
  7796 | D:7      | Found a basalt altar of Yredelemnul.
  8002 | D:7      | Found an ornate altar of the Wu Jian Council.
  8305 | D:7      | Reached XP level 10. HP: 87/91 MP: 9/9
  8791 | D:8      | Noticed Prince Ribbit
  8808 | D:8      | Killed Prince Ribbit
  8917 | D:8      | Reached skill level 10 in Axes
  8981 | D:8      | Reached skill level 10 in Fighting
  9225 | D:8      | Reached skill level 10 in Armour
  9447 | D:8      | Noticed Joseph
  9466 | D:8      | Killed Joseph
 10101 | D:9      | Found a staircase to the Lair.
 10174 | D:9      | Reached skill level 1 in Ranged Weapons
 10261 | D:9      | Found a staircase to the Orcish Mines.
 10274 | D:9      | Reached ***** piety under Trog
 10278 | D:9      | Reached XP level 11. HP: 101/101 MP: 10/10
 10715 | D:9      | Received a gift from Trog
 11006 | D:9      | Found a hide-covered altar of Uskayaw.
 11458 | D:9      | Found a shadowy altar of Dithmenos.
 12007 | D:10     | Entered Level 10 of the Dungeon
 12007 | D:10     | Found Gierhal's Armour Emporium.
 12071 | D:10     | Found Qeirum's Armour Shop.
 12075 | D:10     | Noticed a two-headed ogre
 12084 | D:10     | Killed a two-headed ogre
 12085 | D:10     | Reached skill level 10 in Dodging
 12088 | D:10     | Found Fugiulli's Antique Weapon Shop.
 12088 | D:10     | Found Qogen's Jewellery Shop.
 12152 | D:10     | Found a flagged portal.
 12164 | Bailey   | Entered a bailey
 12486 | Bailey   | Noticed a two-headed ogre
 12497 | Bailey   | Killed a two-headed ogre
 13291 | D:10     | Bought a +2 tower shield for 214 gold pieces
 13407 | D:10     | Noticed Maurice
 13421 | D:10     | Killed Maurice
 13504 | D:10     | Found Sytaab's Antique Armour Emporium.
 13505 | D:10     | Noticed a two-headed ogre
 13513 | D:10     | Killed a two-headed ogre
 13514 | D:10     | Reached skill level 1 in Shields
 14199 | D:10     | Noticed a centaur warrior
 14206 | D:10     | Noticed a yaktaur captain
 14212 | D:10     | Reached skill level 5 in Ranged Weapons
 14218 | D:10     | Reached XP level 12. HP: 112/112 MP: 11/11
 14224 | D:10     | Killed a centaur warrior
 14233 | D:10     | Killed a yaktaur captain
 16083 | D:10     | Found Qeirum's Armour Shop.
 16097 | D:10     | Found Fugiulli's Antique Weapon Shop.
 16098 | D:10     | Found Qogen's Jewellery Shop.
 16139 | D:10     | Found Gierhal's Armour Emporium.
 16392 | D:10     | Found Sytaab's Antique Armour Emporium.
 16707 | D:10     | Found Qeirum's Armour Shop.
 16745 | D:10     | Found Gierhal's Armour Emporium.
 16781 | D:10     | Found Sytaab's Antique Armour Emporium.
 17890 | D:11     | Noticed a two-headed ogre
 17900 | D:11     | Killed a two-headed ogre
 18040 | D:11     | Identified the +0 chain mail "Odixkoul" {Will+ Dex+6}
 18461 | D:12     | Found a gate leading to a gauntlet.
 18471 | Gauntlet | Entered a Gauntlet
 18471 | Gauntlet | Found a transporter.
 18471 | Gauntlet | Found a transporter.
 18471 | Gauntlet | Found a transporter.
 18472 | Gauntlet | Found a transporter.
 18475 | Gauntlet | Found a transporter.
 18475 | Gauntlet | Found a transporter.
 18487 | Gauntlet | Found a transporter.
 18489 | Gauntlet | Found a transporter.
 18497 | Gauntlet | Noticed a great orb of eyes
 18501 | Gauntlet | Found a transporter.
 18600 | Gauntlet | Found a transporter.
 18604 | Gauntlet | Found a transporter.
 18614 | Gauntlet | Found a transporter.
 19088 | Gauntlet | Identified a scroll of acquirement
 19088 | Gauntlet | Acquired the +2 pair of boots "Diwno" {rF+ Stlth+}
 19318 | Gauntlet | Killed a great orb of eyes
 19373 | Gauntlet | Identified the +7 sling "Vifih" {speed, rF++ rC+ Int-2
                  | Stlth+}
 19373 | Gauntlet | Identified the +3 plate armour of the Shining Light {Str+8
                  | SInv}
 19373 | Gauntlet | Noticed a minotaur
 19394 | Gauntlet | Slain by a minotaur

Illustrated notes

Levels and vault maps discovered:
D:1:      dpeg_arrival_three_same_balls, layout_loops_ring, st_stairs_12,
          hangedman_decor_riveting
D:2:      layout_loops_ring, serial_shops, nicolae_lakefront_shop,
          kennysheep_jessica_study
D:3:      layout_basic, chequers_ecumenical_altar_island, ebering_ghost_sewer_f,
          uniq_terence, uniq_crazy_yiuf_cottage
D:4:      layout_cave_pods, nicolae_overflow_crystal_walls, uniq_eustachio
D:5:      layout_rooms, nicolae_overflow_squiral, marbit_many_paths,
          led_xom_imps, temple_fountains, serial_shops, shop, bh_walls_and_bars
D:6:      layout_basic, led_sif_book, fedhas_altar_fruit_tree, uniq_pikel,
          uniq_duvessa, uniq_blork_the_orc
D:7:      layout_basic, nicolae_wu_jian_immortal_techniques,
          nemelex_spade_bored_becter, mainiacjoe_overflow_alcove_1,
          gammafunk_temple_overflow_wave
D:8:      layout_rooms, uniq_joseph, uniq_prince_ribbit1
D:9:      layout_loops_corners, overflow_temple_1_default,
          eat_drink_and_be_merry_uskayaw, dpeg_oklobed_lair, zombieorc2_lemuel,
          lightli_minifort
D:10:     nzn_winding_woodlands_cross [nzn_winding_woodlands_5x15_sidewinder,
          nzn_winding_woodlands_5x15_concentric,
          nzn_winding_woodlands_5x15_pathside_ponds,
          nzn_winding_woodlands_5x15_split_checker,
          nzn_winding_woodlands_15x15_five_gardens], layout_rooms,
          enter_bailey_5, serial_shops, shop, nicolae_shop_waterfront,
          nicolae_lakefront_shop, shop_fountains, nicolae_diamond_shop,
          minivault_16, uniq_maurice
D:11:     layout_cave_pools
D:12:     layout_basic, gauntlet_entry_generic, patterned_corridor, uniq_sonja
Gauntlet: gammafunk_gauntlet_hard_choice [gammafunk_gauntlet_arena_grid,
          gammafunk_gauntlet_arena_corners, gammafunk_gauntlet_arena_crates,
          nicolae_gauntlet_swirl, nicolae_gauntlet_arena_flowing_pool,
          gammafunk_gauntlet_arena_teeth,
          nicolae_gauntlet_exit_dead_adventurers]

Skill      XL: |  1  2  3  4  5  6  7  8  9 10 11 12 |
---------------+-------------------------------------+-----
Axes           | 4 5 6 7 9 10 11 12 | 12.6
Fighting       | 4 5 6 7 9 10 11 12 | 12.6
Armour         | 3 4 5 6 7 9 10 11 12 | 12.4
Dodging        | 3 4 5 6 8 9 10 11 | 11.4
Ranged Weapons | 1 5 6 |  6.4
Shields        | 2 4 |  4.7

Action                   |  1- 3 |  4- 6 |  7- 9 | 10-12 || total
-------------------------+-------+-------+-------+-------++-------
Melee: Hand axe          |    69 |   115 |    56 |       ||   240
       Headbutt          |     8 |    18 |    49 |   129 ||   204
       Punch             |       |     1 |     1 |     2 ||     4
       War axe           |       |       |   179 |   578 ||   757
       Spear             |       |       |    25 |       ||    25
 Fire: Sling             |       |       |       |   103 ||   103
Throw: Stone             |       |     4 |       |     3 ||     7
       Dart              |       |       |       |     6 ||     6
Invok: Berserk           |       |     4 |     5 |    17 ||    26
       Trog's Hand       |       |     1 |       |     2 ||     3
  Use: Scroll            |       |       |       |    26 ||    26
 Stab: Distracted        |       |       |       |     1 ||     1
Armor: Animal skin       |    11 |     5 |       |       ||    16
       Scale mail        |       |    19 |     2 |       ||    21
       Chain mail        |       |       |    94 |     2 ||    96
       Plate armour      |       |       |       |   199 ||   199
       Swamp dragon scal |       |       |       |    78 ||    78
Dodge: Dodged            |    41 |    76 |   106 |   381 ||   604
       Repelled          |       |       |       |     4 ||     4
Block: Tower shield      |       |       |       |   194 ||   194
